 Dungeon Crawl Stone Soup version 0.25-a0-730-g633e9c3c14 (webtiles) character file.

Game seed: 9683815779291878141, levelgen mode: deterministic

696 vurker the Gusty (level 7, 31/31 HPs)
             Began as a Felid Air Elementalist on Apr 7, 2020.
             Quit the game in the Ecumenical Temple.
             The game lasted 00:08:05 (7326 turns).

vurker the Gusty (Felid Air Elementalist)           Turns: 7326, Time: 00:08:06

Health: 31/31      AC:  2    Str:  4    XL:     7   Next: 37%
Magic:  16/16      EV: 18    Int: 18    God:
Gold:   272        SH:  0    Dex: 17    Spells: 7/17 levels left
                                        Lives:  1   Deaths: 1

rFire    . . .     SeeInvis +   (weapon unavailable)
rCold    . . .     Gourm    .   (shield unavailable)
rNeg     . . .     Faith    .   (armour unavailable)
rPois    +         Spirit   .   (helmet unavailable)
rElec    .         Reflect  .   (cloak unavailable)
rCorr    .         Harm     .   (gloves unavailable)
MR       +....                  (boots unavailable)
Stlth    ++++......             (no amulet)
HPRegen  0.10/turn              r - ring of poison resistance
MPRegen  0.15/turn              u - ring of stealth

@: quick
A: very small, no armour, no weapons or thrown items, stealth, claws 1, fangs 3,
see invisible, carnivore, speed 1, shaggy fur 2, slow metabolism 1, sharp paws
a: no special abilities


You were in the Ecumenical Temple.
You were completely stuffed.

You visited 2 branches of the dungeon, and saw 7 of its levels.

You collected 272 gold pieces.

Inventory:

Jewellery
 m - an uncursed ring of resist corrosion
   (You found it on level 2 of the Dungeon)
 r - a ring of poison resistance (left paw)
   (You found it on level 4 of the Dungeon)
 u - a ring of stealth (right paw)
   (You found it on level 5 of the Dungeon)
Scrolls
 a - a scroll of vulnerability {unknown}
 b - 3 scrolls of immolation
 c - a scroll of enchant weapon {unknown}
 d - 2 scrolls of amnesia {unknown}
 f - a scroll of magic mapping {unknown}
 h - 5 scrolls of remove curse
 j - 3 scrolls of blinking
 l - 2 scrolls of fog {unknown}
 n - a scroll of enchant armour {unknown}
 q - 2 scrolls of random uselessness {unknown}
 s - a scroll of teleportation {unknown}
 t - a scroll of fear {unknown}
Potions
 g - a potion of mutation {unknown}
 i - a potion of invisibility
 k - 3 potions of haste
 p - a potion of heal wounds
 v - a potion of flight {unknown}
Comestibles
 e - 12 rations


   Skills:
 + Level 3.6 Fighting
 - Level 2.6 Dodging
 - Level 2.6 Stealth
 * Level 5.5 Spellcasting
 + Level 3.5 Conjurations
 * Level 6.0 Air Magic


You had 7 spell levels left.
You knew the following spells:

 Your Spells              Type           Power        Failure   Level  Hunger
a - Shock                 Conj/Air       ###.         1%          1    None
b - Lightning Bolt        Conj/Air       ###.......   45%         5    ######.
c - Airstrike             Air            ####......   11%         4    ####...

Your spell library contained the following spells:

 Spells                   Type           Power        Failure   Level  Hunger
 Swiftness                Chrm/Air       ###.....     5%          2    #......
 Static Discharge         Conj/Air       ###.....     5%          3    ##.....


Dungeon Overview and Level Annotations

Branches:
Dungeon (6/15)             Temple (1/1) D:6

Altars:
Ashenzari
Dithmenos
Fedhas
Gozag
Kikubaaqudgha
Makhleb
Nemelex Xobeh
Okawaru
Qazlal
Ru
Sif Muna
Trog
Uskayaw
Vehumet
Wu Jian
Xom
Yredelemnul
Zin
The Shining One


Innate Abilities, Weirdness & Mutations

You cannot wear armour.
You are incapable of wielding weapons or throwing items.
Your paws allow you to move quietly. (Stealth)
You have sharp claws.
You have razor-sharp teeth.
You have supernaturally acute eyesight. (SInv)
You are carnivorous and can eat meat at any time.
You cover ground quickly.
You are covered in thick fur. (AC +2)
You have a slow metabolism.
Your sharp claws are effective at attacking unaware monsters.


Message History

Aim: a quasit The air twists around and strikes the quasit!
Aim: a quasit (heavily wounded)
The air twists around and strikes the quasit!
You kill the quasit!
Found a ration.
e - 12 rations (gained 1)
You open the door.
Found a stormy altar of Qazlal.
There is an open door here.
There is a stormy altar of Qazlal here.
You open the door.
There is an open door here.
Found a staircase to the Ecumenical Temple.
Found a scroll labeled LUJAIQ FOGOE and 13 bolts.
An iguana and a jackal come into view.
A bullfrog skeleton comes into view.
There are monsters nearby!
Aim: an iguana (resting)
The air twists around and strikes the iguana!
You hear a bark!
You hear a shout!
Aim: an iguana (severely wounded)
You miscast Airstrike.
You are very lightly contaminated with residual magic.
You feel momentarily weightless.
A jackal comes into view.
An adder comes into view.
Aim: an iguana (severely wounded)
The air twists around and strikes the iguana!
You kill the iguana!
Your Air Magic skill increases to level 6!
The jackal barks!
The adder hisses angrily.
You hear a shout!
A jackal comes into view. x2
There is a staircase to the Ecumenical Temple here.
You can't go up here!
The centaur wields a +0 shortbow.
The centaur shoots an arrow.
The arrow hits you.
The jackal barks!
You hear a bark!
You hear a shout!
You climb downwards.
Welcome to the Ecumenical Temple!
Found eight altars.
There is a staircase back to the Dungeon here.
Eating a chunk of flesh.
You eat the chunk of flesh.
This raw flesh tastes great.
Your magical contamination has completely faded away.
Found an ornate altar of the Wu Jian Council.
Found a shadowy altar of Dithmenos.
Found a hide-covered altar of Uskayaw.
Found a blossoming altar of Fedhas.
Found a bloodstained altar of Trog.
Found a glowing golden altar of the Shining One.
Found an ancient bone altar of Kikubaaqudgha.
Found a shattered altar of Ashenzari.

#..# #..# #.## ##.##
.#.# #.#.#### ###
##.## ##.##...# ..
###.###.###._.# ._
####...####...# #.
.###._.###.###.##.
#.##...##.## #..#
##.##.##.## #@##
###.#.#.####. ##.####
..##...##...######...#
_....<...._........_.#
..##...##...######...#
###.#.#.####.####.####
##.##.##.## #..#.##
#.##...##.## ##..#
.###._.###.###.##.#


There were no monsters in sight!

Vanquished Creatures
  Pikel (D:4)
  2 slaves (D:4)
  A black bear (D:6)
  A sky beast (D:5)
  A centaur (D:5)
  A crimson imp (D:6)
  A centaur zombie (D:5)
  A quasit (D:6)
  A hound (D:5)
  A jelly (D:6)
  2 orc wizards
  An iguana (D:6)
  A worker ant (D:5)
  Robin (D:2)
  9 adders
  3 gnolls (D:2)
  A shadow imp (D:5)
  An ooze (D:6)
  4 worms
  2 dart slugs
  5 leopard geckos
  8 orcs
  A ball python (D:1)
  9 bats
  3 giant cockroaches
  15 goblins
  9 hobgoblins
  3 jackals (D:3)
  2 quokkas
  10 frilled lizards
  5 kobolds
  A leopard gecko skeleton (D:5)
  A quokka skeleton (D:4)
  5 rats
113 creatures vanquished.

Notes
Turn   | Place    | Note
-------+----------+-------------------------------------------
     0 | D:1      | vurker the Felid Air Elementalist began the quest for the
                  | Orb.
     0 | D:1      | Reached XP level 1. HP: 7/7 MP: 4/4
   233 | D:1      | Reached skill level 1 in Conjurations
   392 | D:1      | Reached XP level 2. HP: 9/12 MP: 1/6
   759 | D:1      | Reached skill level 3 in Air Magic
  1463 | D:1      | Reached XP level 3. HP: 15/15 MP: 5/7
  1583 | D:2      | Reached skill level 1 in Fighting
  2153 | D:2      | Reached XP level 4. HP: 10/19 MP: 1/9
  2946 | D:2      | Noticed Robin
  2953 | D:2      | Killed Robin
  2953 | D:2      | Reached XP level 5. HP: 22/22 MP: 0/10
  3459 | D:3      | Learned a level 5 spell: Lightning Bolt
  3464 | D:3      | Learned a level 4 spell: Airstrike
  3735 | D:3      | Found a sparkling altar of Nemelex Xobeh.
  4130 | D:3      | Found an iron altar of Okawaru.
  4358 | D:3      | Reached skill level 4 in Air Magic
  4794 | D:4      | Found a glowing golden altar of the Shining One.
  4856 | D:4      | Noticed a slave
  4857 | D:4      | Noticed a slave
  4866 | D:4      | Killed a slave
  5043 | D:4      | Noticed a slave
  5049 | D:4      | Noticed Pikel
  5055 | D:4      | Killed a slave
  5086 | D:4      | Noticed a slave
  5096 | D:4      | Killed Pikel
  5096 | D:4      | Reached skill level 5 in Air Magic
  5096 | D:4      | Gained mutation: You are covered in thick fur. (AC +2)
                  | [Felid growth]
  5096 | D:4      | Reached XP level 6. HP: 14/27 MP: 0/13
  5096 | D:4      | Reached XP level 7. HP: 16/30 MP: 0/14
  5649 | D:5      | Entered Level 5 of the Dungeon
  6076 | D:5      | Found a sparkling altar of Nemelex Xobeh.
  6365 | D:5      | Reached skill level 5 in Spellcasting
  6810 | D:6      | Reached XP level 8. HP: 32/34 MP: 4/16
  6990 | D:6      | Slain by a black bear
  6991 | D:6      | Reached XP level 7. HP: -1/31 MP: 1/15
  7131 | D:6      | Found a stormy altar of Qazlal.
  7159 | D:6      | Found a staircase to the Ecumenical Temple.
  7170 | D:6      | Reached skill level 6 in Air Magic
  7174 | Temple   | Entered the Ecumenical Temple
  7326 | Temple   | Quit the game

Levels and vault maps discovered:
D:1:      tarquinn_simple_flora_water_a, layout_loops_cross
D:2:      layout_basic, uniq_robin
D:3:      layout_loops_ring, okawaru_ov_weapons_minmay,
          nemelex_spade_bored_becter
D:4:      layout_loops_ring, tso_altar, uniq_pikel
D:5:      layout_loops_ring, nemelex_xobeh_ov_fountains_minmay, first_ration
D:6:      layout_basic, lemuel_doored_altar, overflow_temple_1_default,
          minmay_temple_entry_drinking_statues, minmay_ruffians
Temple:   eino_narrow_crystal_temple

Skill      XL: |  1  2  3  4  5  6  7 |
---------------+----------------------+-----
Conjurations   | 1 2 3 |  3.5
Air Magic      | 3 5 6 |  6.0
Fighting       | 1 2 3 |  3.6
Spellcasting   | 3 4 5 |  5.5
Dodging        | |  2.6
Stealth        | |  2.6

Action                   |  1- 3 |  4- 6 |  7- 9 || total
-------------------------+-------+-------+-------++-------
Melee: Unarmed           |    41 |     9 |     5 ||    55
       Bite              |     3 |     2 |       ||     5
 Cast: Shock             |    79 |   148 |    75 ||   302
       Airstrike         |       |       |    15 ||    15
  Use: Scroll            |       |       |     8 ||     8
  Eat: Chunk             |    10 |     6 |    12 ||    28
Armor: Skin              |     5 |       |     4 ||     9
Dodge: Dodged            |    59 |    36 |    38 ||   133

Table legend:
 A = Non-vault XP
 B = Vault XP
 C = Vault XP percentage of total XP
 D = Non-vault monster count
 E = Vault monster count
 F = Vault count percentage of total count
                 A         B        C        D         E       F
            +---------+---------+-------+---------+---------+-------
      Total |    1082 |     656 |  37.7 |     103 |       8 |   7.2
            +---------+---------+-------+---------+---------+-------
        D:1 |      41 |       0 |   0.0 |      21 |       0 |   0.0
        D:2 |     143 |      27 |  15.9 |      28 |       7 |  20.0
        D:3 |      67 |       0 |   0.0 |      24 |       0 |   0.0
        D:4 |      51 |     629 |  92.5 |       7 |       1 |  12.5
        D:5 |     406 |       0 |   0.0 |      11 |       0 |   0.0
        D:6 |     374 |       0 |   0.0 |      12 |       0 |   0.0
            +---------+---------+-------+---------+---------+-------
